 Dungeon Crawl Stone Soup version 0.22.0-38-g04b72b8c25 (webtiles) character file.

51 Chiseanne the Shooter (level 3, 0/21 HPs)
             Began as a Deep Elf Hunter on Aug 27, 2018.
             Slain by Duvessa
             ... wielding a +1 short sword of flaming
              (9 damage)
             ... on level 4 of the Dungeon.
             The game lasted 00:06:00 (1286 turns).

Chiseanne the Shooter (Deep Elf Hunter)             Turns: 1286, Time: 00:06:01

Health: 0/21       AC:  3    Str:  9    XL:     3   Next: 58%
Magic:  5/5        EV: 13    Int: 15    God:
Gold:   78         SH:  0    Dex: 16    Spells: 2/2 levels left

rFire    . . .     SeeInvis .   w - +1 shortbow
rCold    . . .     Gourm    .   (shield currently unavailable)
rNeg     . . .     Faith    .   c - +0 leather armour
rPois    .         Spirit   .   (no helmet)
rElec    .         Reflect  .   (no cloak)
rCorr    .         Harm     .   (no gloves)
MR       .....                  (no boots)
Stlth    ++........             (no amulet)
HPRegen  0.07/turn              (no ring)
MPRegen  0.09/turn              (no ring)

@: no status effects
A: no striking features
a: no special abilities


You were on level 4 of the Dungeon.
You were very hungry.

You visited 1 branch of the dungeon, and saw 4 of its levels.

You collected 78 gold pieces.

Inventory:

Hand Weapons
 a - a +1 long sword
 w - a +1 shortbow (weapon)
Missiles
 e - 11 stones (quivered)
 g - 21 sling bullets
 p - 30 bolts
Armour
 c - a +0 leather armour (worn)
 h - a cursed +0 leather armour
Jewellery
 r - an uncursed amulet of the gourmand {unknown}
Scrolls
 l - a scroll of fear
Potions
 b - 2 potions of curing {unknown}
 i - 2 potions of heal wounds {unknown}
 j - a potion of flight {unknown}
 k - a potion of berserk rage {unknown}
 m - a potion of haste {unknown}
 n - 2 potions of mutation {unknown}
 o - a potion of invisibility {unknown}
Comestibles
 f - 5 rations


   Skills:
 + Level 2.1 Fighting
 * Level 5.2 Bows
 + Level 3.2 Dodging
 - Level 1.2 Stealth


You had 2 spell levels left.
You didn't know any spells.
Your spell library was empty.

Dungeon Overview and Level Annotations

Branches:
Dungeon (4/15)
 Temple: D:4-7

Altars:

Annotations:
D:3 Sigmund
D:4 Dowan, Duvessa


Message History

Duvessa is moderately wounded.
Duvessa hits you but does no damage.
Firing (i - inventory. (/) - cycle)
d - an arrow (quivered)
Press: ? - help, Shift-Dir - straight line, f/p - Duvessa
Aim: Duvessa, wielding a short sword of flaming and wearing a scale mail (moderately wounded)
You shoot an arrow.
The arrow hits Duvessa but does no damage.
Duvessa is moderately wounded.
Duvessa hits you with a short sword of flaming!
Duvessa burns you.
Dowan points at Duvessa and mumbles some strange words.
Duvessa seems to speed up.
Duvessa hits you but does no damage.
Throwing (i - inventory)
e - 12 stones (quivered)
Press: ? - help, Shift-Dir - straight line, f/p - Duvessa
Aim: Duvessa, wielding a short sword of flaming and wearing a scale mail (moderately wounded, fast)
You throw a stone.
The stone hits Duvessa but does no damage.
Duvessa is moderately wounded.
Duvessa hits you with a short sword of flaming!
You die...

########..
#(...e(...
#.#######.
#e# #e#
#@# ###


You could see Duvessa and Dowan.

Vanquished Creatures
  An adder (D:3)
  A worm (D:2)
  3 dart slugs
  A leopard gecko (D:1)
  2 ball pythons
  2 bats
  2 giant cockroaches (D:1)
  4 goblins
  3 hobgoblins (D:1)
  4 kobolds (D:1)
  4 frilled lizards
  6 rats
33 creatures vanquished.

Notes
Turn   | Place    | Note
-------+----------+-------------------------------------------
     0 | D:1      | Chiseanne the Deep Elf Hunter began the quest for the Orb.
     0 | D:1      | Reached XP level 1. HP: 12/12 MP: 3/3
   303 | D:1      | Reached XP level 2. HP: 17/17 MP: 4/4
   415 | D:1      | P0WERM0DE: oops pc crashed
   436 | D:1      | P0WERM0DE: did ya say anything
   436 | D:1      | Chiseanne: not much no but admitted how much I impressed I was ;-)
   476 | D:1      | P0WERM0DE: :P thx
   489 | D:1      | P0WERM0DE: but there are ton of better players ofc
   489 | D:1      | P0WERM0DE: im not really happy with my tourney, tried to get tourney hiscore and lost to yermak as usual
   489 | D:1      | Chiseanne: one day I will beat him!!!!!
   489 | D:1      | Chiseanne: :D:D:D
   573 | D:2      | Reached skill level 5 in Bows
   573 | D:2      | Reached XP level 3. HP: 15/21 MP: 5/5
   660 | D:2      | Chiseanne: 5if Im lucky and he gets alzheimer lol
   825 | D:2      | P0WERM0DE: haha
   858 | D:3      | Noticed Sigmund
  1246 | D:4      | Noticed an ogre
  1272 | D:4      | Noticed Duvessa
  1273 | D:4      | Noticed Dowan
  1286 | D:4      | Slain by Duvessa

Skill      XL: |  1  2 |
---------------+-------+-----
Fighting       | 2 |  2.1
Dodging        | 3 |  3.2
Bows           | 5 |  5.2
Stealth        | |  1.2

Action                   || total
-------------------------++-------
Melee: Short sword       ||    28
       Long sword        ||     6
 Fire: Shortbow          ||    84
Throw: Stone             ||     6
  Use: Scroll            ||     6
Armor: Leather armour    ||     7
Dodge: Dodged            ||    34
       Rpst.: Long sword ||     1
